 Dungeon Crawl Stone Soup version 0.29-a0-275-g389c0b56f3 (webtiles) character file.

Game seed: 11149943278890270850

219 jlumianski the Sneak (level 5, -1/25 HPs)
             Began as a Spriggan Enchanter on Mar 11, 2022.
             Slain by a two-headed ogre
             ... wielding a +0 giant spiked club
              (16 damage)
             ... on level 4 of the Dungeon.
             The game lasted 00:48:24 (5690 turns).

jlumianski the Sneak (Spriggan Enchanter)           Turns: 5690, Time: 00:48:54

Health: -1/25      AC:  2    Str: 10    XL:     5   Next: 63%
Magic:  12/12      EV: 18    Int: 16    God:
Gold:   282        SH:  0    Dex: 18    Spells: 4/12 levels left

rFire   . . .      SeeInvis +   s - +2 dagger (flame)
rCold   . . .      Faith    .   (no shield)
rNeg    . . .      Spirit   .   b - +0 robe
rPois   .          Reflect  .   (helmet restricted)
rElec   .          Harm     .   (no cloak)
rCorr   .          Rampage  .   (gloves unavailable)
Will    .....                   (boots unavailable)
Stlth   +++.......              q - amulet of magic regeneration
HPRegen 0.08/turn               y - +6 ring of strength
MPRegen 0.53/turn               (no ring)

@: very quick
A: very small, no large weapons, unfitting armour, see invisible, speed 3
a: no special abilities


You were on level 4 of the Dungeon.
You visited 1 branch of the dungeon, and saw 7 of its levels.

You collected 282 gold pieces.

Inventory:

Hand Weapons
 a - a +1 dagger
 k - a +3 spear
 s - a +2 dagger of flaming (weapon)
 t - a +0 rapier
Missiles
 d - a throwing net
 h - 98 stones
 i - 9 poisoned darts (quivered)
 u - a boomerang
Armour
 b - a +0 robe (worn)
Jewellery
 q - an amulet of magic regeneration (around neck)
 y - a +6 ring of strength (left hand)
 A - an amulet of the acrobat
Scrolls
 g - 2 scrolls of teleportation
 l - a scroll of blinking
 m - a scroll of vulnerability
 p - 2 scrolls of immolation
Potions
 c - a potion of invisibility
 e - a potion of berserk rage
 f - 6 potions of curing
 j - a potion of mutation
 n - a potion of lignification {unknown}
 o - a potion of flight
 r - a potion of heal wounds
 v - a potion of haste {unknown}
 w - a potion of brilliance
 x - a potion of cancellation
 z - a potion of might {unknown}


   Skills:
 + Level 0.8 Fighting
 + Level 2.4 Short Blades
 + Level 3.5 Dodging
 * Level 6.0 Stealth
 * Level 4.4 Spellcasting
 * Level 4.7 Hexes


You had 4 spell levels left.
You knew the following spells:

 Your Spells              Type           Power      Damage    Failure   Level
a - Ensorcelled Hibernat  Hex/Ice        22%        N/A       10%         2
b - Confusing Touch       Hex            18%        N/A       7%          3
c - Tukima's Dance        Hex            18%        N/A       7%          3

Your spell library contained the following spells:

 Spells                   Type           Power      Damage    Failure   Level
 Dazzling Flash           Conj/Hex       22%        N/A       19%         3
 Spider Form              Tmut/Pois      3%         N/A       43%         3
 Anguish                  Hex/Necr       5%         N/A       52%         4


Dungeon Overview and Level Annotations

Branches:
Dungeon (7/15)
 Temple: D:4-7

Altars:
Fedhas
Okawaru
Qazlal

Shops:
D:2 [(

Annotations:
D:5 Edmund, Eustachio


Innate Abilities, Weirdness & Mutations

You are very small and have problems with some larger weapons.
You are too small for most types of armour.
You have supernaturally acute eyesight. (SInv)
You cover ground extremely quickly. (Speed+++)


Message History

You aren't carrying any items that you can evoke.
Unknown command.
You fade into invisibility!
You hit the two-headed ogre but do no damage.
The two-headed ogre barely misses you. The two-headed ogre misses you.
You hit the two-headed ogre. You burn the two-headed ogre.
The two-headed ogre is lightly wounded.
You catch the helpless two-headed ogre completely off-guard!
You puncture the two-headed ogre! You burn the two-headed ogre!
The two-headed ogre is heavily wounded.
The two-headed ogre hits you with a +0 giant spiked club!!
Ouch! That really hurt!
* * * LOW HITPOINT WARNING * * *
The two-headed ogre closely misses you.
You climb upwards.
There is a stone staircase leading down here.
There is a stone staircase leading down here.
You feel better.
The two-headed ogre shouts in stereo!
You hit the two-headed ogre. You burn the two-headed ogre.
The two-headed ogre is heavily wounded.
You flicker for a moment.
You strike the helpless two-headed ogre from behind!
You puncture the two-headed ogre! You burn the two-headed ogre!
The two-headed ogre is almost dead.
The two-headed ogre closely misses you. The two-headed ogre misses you.
You hit the two-headed ogre but do no damage.
The two-headed ogre is almost dead.
You hit the two-headed ogre. You burn the two-headed ogre.
The two-headed ogre is almost dead.
The two-headed ogre misses you. The two-headed ogre barely misses you.
You hit the two-headed ogre. You burn the two-headed ogre.
The two-headed ogre is almost dead.
You closely miss the two-headed ogre.
The two-headed ogre is almost dead.
You flicker back into view.
The two-headed ogre barely misses you.
The two-headed ogre hits you with a +0 dire flail!
Ouch! That really hurt!
You die...

.# #..#..# #..###'###..# .#
##.###.## #..#.....#..)
.###..#.#..### #..#.....#..#
##...##.##...#### #..#.._..#..#
...###...###....#####..#....n#.##
)..........####........#.....#.#
...###...###....#####..#######.#
##...##.##...####...)..........#
.###..#.#..###..@O########.#.###
...##.###.##...#### #.....#.#
##..#..#..##..## #.....#.#
##.##.#.###.>.# #.....#.#
#..#.#.# #...### #....##.#
##.#...# #.....# #....##.#
#.##.## ##.##.# #.....#<# #..#.#
#.##.# #.....### ##.#.# ##.##.#
#.....#


You could see a two-headed ogre.

Vanquished Creatures
  3 iguanas
  6 adders
  A shadow imp (D:6)
  2 worms
  3 dart slugs
  12 orcs
  2 bats
  3 endoplasms
  3 giant cockroaches
  5 goblins
  7 hobgoblins
  A quokka (D:2)
  2 ball pythons (D:1)
  2 frilled lizards (D:1)
  5 kobolds
  4 rats
61 creatures vanquished.

Vanquished Creatures (others)
  3 bushes (D:4)
  13 plants (D:4)
16 creatures vanquished.

Grand Total: 77 creatures vanquished

Notes
Turn   | Place    | Note
-------+----------+-------------------------------------------
     0 | D:1      | jlumianski the Spriggan Enchanter began the quest for the
                  | Orb.
     0 | D:1      | Reached XP level 1. HP: 9/9 MP: 5/5
   301 | D:2      | Found Fogigimo's Antique Weapon Shop.
   549 | D:1      | Reached XP level 2. HP: 13/13 MP: 6/6
   552 | D:1      | Learned a level 2 spell: Ensorcelled Hibernation
   682 | D:1      | Found a faded altar of an unknown god.
  1293 | D:2      | Found Caetokk's Armour Shop.
  2122 | D:3      | Reached XP level 3. HP: 16/16 MP: 4/8
  2359 | D:4      | Found a stormy altar of Qazlal.
  2736 | D:1      | Reached skill level 5 in Stealth
  2852 | D:2      | Reached XP level 4. HP: 20/21 MP: 10/10
  2856 | D:2      | Learned a level 3 spell: Confusing Touch
  3003 | D:4      | Identified the +3 ring mail of Focus {Rampage Will+ Str+3}
  3145 | D:4      | Found an iron altar of Okawaru.
  3626 | D:5      | Entered Level 5 of the Dungeon
  3626 | D:5      | Noticed Edmund
  3722 | D:4      | Found a blossoming altar of Fedhas.
  3727 | D:4      | Noticed a necrophage
  3728 | D:4      | Noticed a necrophage
  3728 | D:4      | Noticed a necrophage
  3728 | D:4      | Noticed a necrophage
  4123 | D:5      | Noticed Eustachio
  4663 | D:5      | Noticed a two-headed ogre
  4757 | D:5      | Reached XP level 5. HP: 13/25 MP: 9/12
  4831 | D:5      | Noticed a phantom
  4953 | D:6      | HP: 1/25 [iguana (11)]
  5265 | D:6      | Noticed a steam dragon
  5343 | D:5      | Noticed a phantom
  5388 | D:6      | Noticed a sky beast
  5504 | D:6      | Reached skill level 6 in Stealth
  5581 | D:7      | Noticed a steam dragon
  5642 | D:6      | Learned a level 3 spell: Tukima's Dance
  5690 | D:4      | Slain by a two-headed ogre

Illustrated notes

Levels and vault maps discovered:
D:1:      dpeg_arrival_boxes_within_box, layout_loops_ring,
          shapermc_ecumenical_altar_venn, serial_bayou_ford_a,
          minmay_pentomino_z2
D:2:      layout_rooms, serial_shops, shop, shop_fountains
D:3:      layout_rooms, serial_glass, glass_columns_b, glass_columns_a,
          glass_columns_b, glass_columns_a, glass_columns_c, glass_columns_b,
          glass_columns_b, glass_columns_c, minmay_strange_pillars,
          item_on_display_a, feat_on_display
D:4:      minmay_general_purpose_star, layout_basic, fedhas_altar_decomposition,
          okawaru_gym_becter, amcnicky_altar_gilded
D:5:      layout_loops_ring, uniq_edmund, uniq_eustachio
D:6:      layout_basic, nicolae_elyvilon_peaceful_grove,
          minmay_overflow_temple_star_hex
D:7:      layout_cave_pods, minmay_temple_entry_drinking_statues,
          minmay_joined_circles

Skill      XL: |  1  2  3  4  5 |
---------------+----------------+-----
Spellcasting   | 3 4 |  4.4
Dodging        | 3 |  3.5
Hexes          | 4 |  4.7
Stealth        | 5 6 |  6.0
Short Blades   | 2 |  2.4
Fighting       | |  0.8

Action                   |  1- 3 |  4- 6 || total
-------------------------+-------+-------++-------
Melee: Dagger            |   104 |   104 ||   208
       Punch             |     1 |       ||     1
Throw: Dart              |     8 |       ||     8
 Cast: Ensorcelled Hiber |    19 |    25 ||    44
       Tukima's Dance    |       |     1 ||     1
  Use: Scroll            |     2 |     8 ||    10
       Potion            |     1 |     6 ||     7
 Stab: Sleeping          |    19 |    13 ||    32
       Invisible         |       |     2 ||     2
Armor: Robe              |     8 |     5 ||    13
Dodge: Dodged            |    82 |    80 ||   162

Table legend: (Time is in decaauts)
 A = Elapsed time spent in this place.
 B = Non-inter-level travel time spent in this place.
 C = Inter-level travel time spent in this place.
 D = Time resting spent in this place.
 E = Time spent auto-exploring this place.
 F = Levels seen in this place.
 G = Mean time per level.
                   A        B        C        D        E       F      G
               +--------+--------+--------+--------+--------+-----+--------+
         Total |   4249 |   4161 |     88 |   1337 |   1073 |   7 |  607.0 |
       Dungeon |   4249 |   4161 |     88 |   1337 |   1073 |   7 |  607.0 |
               +--------+--------+--------+--------+--------+-----+--------+

Top non-repeatable levels by time:
     D:4: 1298 daAuts
     D:3: 907 daAuts
     D:1: 740 daAuts
     D:6: 603 daAuts
     D:2: 461 daAuts
     D:5: 194 daAuts
     D:7: 43 daAuts
